 Dungeon Crawl Stone Soup version 0.30.0-29-ga12c61a403 (webtiles) character file.

Game seed: 9681681241338837767

1827 hawla the Magician (level 9, -3/70 HPs)
             Began as a Meteoran Fire Elementalist on June 14, 2023.
             Was a Follower of Vehumet.
             Slain by Maggie
             ... wielding the +9 lance "Wyrmbane" {slay drac, rPois rF+ rC+ AC+3}
              (8 damage)
             ... on level 8 of the Dungeon on June 15, 2023.
             The game lasted 00:09:38 (1998 turns).

hawla the Magician (Meteoran Fire Elementalist)     Turns: 1998, Time: 00:09:38

Health: -3/70      AC:  7    Str:  9    XL:     9   Next: 58%
Magic:  7/23       EV: 14    Int: 20    God:    Vehumet [*.....]
Gold:   111        SH:  0    Dex: 19    Spells: 16/23 levels left

rFire   + . .        j - +3 flail
rCold   . . .        (no shield)
rNeg    . . .        a - +0 robe
rPois   .            (no helmet)
rElec   .            f - +0 cloak
rCorr   .            (no gloves)
SInv    .            (no boots)
Will    +....        (no amulet)
Stlth   +            l - +4 ring of protection
HPRegen 0.31/turn    (no ring)
MPRegen 0.18/turn

%: no passive effects
@: attractive, mesmerised, glowing
A: sense surroundings 2, otherworldly, glowing, explore regen, agile 1, fire
resistance 1, high MP 1, robust 1
a: Renounce Religion


You were on level 8 of the Dungeon.
You worshipped Vehumet.
Vehumet was aware of your devotion.
You visited 2 branches of the dungeon, and saw 9 of its levels.

You collected 111 gold pieces.

Inventory:

Hand Weapons
 j - a +3 flail (weapon)
Armour
 a - a +0 robe (worn)
 f - a +0 cloak (worn)
Magical Staves
 i - a staff of earth
Jewellery
 l - a +4 ring of protection (left hand)
Wands
 e - a wand of flame (3)
 s - a wand of light (10)
Scrolls
 g - a scroll of identify
 k - 2 scrolls of fog
 m - 2 scrolls of teleportation
 o - a scroll of noise {unknown}
 r - 2 scrolls of fear {unknown}
Potions
 b - a potion of magic
 c - a potion of flight
 d - 2 potions of attraction
 h - a potion of cancellation
 n - a potion of heal wounds {unknown}
 p - a potion of curing {unknown}
 q - a potion of lignification {unknown}


   Skills:
 + Level 1.3 Fighting
 + Level 3.4 Staves
 + Level 3.8 Dodging
 - Level 1.4 Stealth
 + Level 7.5 Spellcasting
 + Level 7.1 Conjurations
 + Level 7.3 Fire Magic
 + Level 3.0 Earth Magic
 + Level 3.0 Evocations


You had 16 spell levels left.
You knew the following spells:

 Your Spells              Type           Power      Damage    Failure   Level
a - Foxfire               Conj/Fire      100%       2x1d9     1%          1
b - Scorch                Fire           72%        2d8       1%          2
c - Flame Wave            Conj/Fire      36%        2d10      4%          4

Your spell library contained the following spells:

 Spells                   Type           Power      Damage    Failure   Level
 Kiss of Death            Conj/Necr      84%        2d11      1%          1
 Inner Flame              Hex/Fire       22%        N/A       6%          3
 Volatile Blastmotes      Fire/Tloc      44%        2d13      6%          3


Dungeon Overview and Level Annotations

Branches:
Dungeon (8/15) Zot: 2918   Temple (1/1) D:5 Zot: 476
   Lair: D:8-11

Altars:
Cheibriados
Dithmenos
Elyvilon
Gozag
Hepliaklqana
Kikubaaqudgha
Makhleb
Nemelex Xobeh
Okawaru
Qazlal
Ru
Trog
Uskayaw
Vehumet
Yredelemnul
Zin
The Shining One

Shops:
D:5 ==?

Annotations:
D:8 Maggie


Innate Abilities, Weirdness & Mutations

You passively map the area around you.
You are easily found by Zot.
You glow in the dark.
You regain HP and MP as you explore.
You are agile. (Dex +4, Str/Int -1)
Your flesh is heat resistant. (rF+)
You have an increased reservoir of magic. (+10% MP)
You are robust. (+10% HP)


Message History

Casting: Scorch (safe; 1% risk of failure)
Confirm with . or Enter, or press ? or * to list all spells.
Flames lash Maggie.
Maggie is heavily wounded.
Maggie hits you from afar with the +9 lance "Wyrmbane" {slay drac, rPois rF+ rC+ AC+3}!
Unknown command.
Casting: Scorch (safe; 1% risk of failure)
Confirm with . or Enter, or press ? or * to list all spells.
Flames lash Maggie.
Maggie is heavily wounded.
Maggie hits you from afar with the +9 lance "Wyrmbane" {slay drac, rPois rF+ rC+ AC+3}!
* * * LOW HITPOINT WARNING * * *
Really quaff the potion of attraction?
You feel attractive to monsters.
Maggie mumbles some strange words.
Maggie draws you further into her thrall.
Maggie is attracted toward you.
Casting: Scorch (safe; 1% risk of failure)
Confirm with . or Enter, or press ? or * to list all spells.
Casting: Flame Wave (dangerous; 4% risk of failure)
Press: ? - help, Dir - look around, f - activate A wave of flame ripples out!
The flame wave engulfs your foxfire.
Your foxfire completely resists.
The flame wave engulfs Maggie.
Maggie is heavily wounded. (Press . to intensify the flame waves.) Maggie casts a spell at you.
The bolt of fire hits you! You resist.
* * * LOW HITPOINT WARNING * * *
A wave of flame ripples out!
The flame wave engulfs Maggie.
Maggie is heavily wounded.
Maggie casts a spell.
Maggie draws you further into her thrall.
Unknown command.
A wave of flame ripples out!
The flame wave engulfs Maggie!
Maggie is almost dead.
You finish channelling waves of flame.
You hear a shout!
Maggie hits you with the +9 lance "Wyrmbane" {slay drac, rPois rF+ rC+ AC+3}!
You die...

** * * * * # , , ,* *
# * * * **, * #.####
* * * #..... , * *
###### * # * * # *,
######.# # * *
#(@@...############ *
*
###.#######..........
#.....# #..######## *
^, #.###.#####..#
...* #.....#..#
,^^^.. ###.###.#..#
,....# ....###.#..#
.... ,#..........#
### * #######.##.#


You could see Maggie (mesmerising, combustible).

Vanquished Creatures
  Psyche (D:8)
  A wyvern (D:8)
  A steam dragon (D:8)
  A sky beast (D:8)
  A black bear (D:5)
  A centaur (D:7)
  A kobold brigand (D:8)
  2 phantoms
  A bullfrog (D:6)
  4 wights (D:8)
  2 hounds
  A gnoll bouda (D:5)
  2 jellies (D:6)
  3 orc priests
  2 iguanas (D:5)
  2 sleepcaps
  4 orc wizards
  2 gnolls (D:6)
  An adder (D:2)
  An ufetubus (D:6)
  A worm (D:3)
  2 dart slugs
  17 orcs
  3 endoplasms
  3 goblins
  A hobgoblin (D:1)
  6 kobolds
  2 quokkas
  2 frilled lizards (D:3)
  2 rats (D:2)
73 creatures vanquished.

Vanquished Creatures (others)
  168 foxfires
168 creatures vanquished.

Grand Total: 241 creatures vanquished

Notes
Turn   | Place    | Note
-------+----------+-------------------------------------------
     0 | D:1      | hawla the Meteoran Fire Elementalist began the quest for
                  | the Orb.
     0 | D:1      | Reached XP level 1. HP: 14/14 MP: 5/5
    52 | D:2      | Reached XP level 2. HP: 20/20 MP: 1/6
    72 | D:2      | Reached XP level 3. HP: 15/26 MP: 0/8
   127 | D:3      | Reached XP level 4. HP: 33/33 MP: 2/10
   130 | D:3      | Found a glowing silver altar of Zin.
   148 | D:3      | Learned a level 2 spell: Scorch
   153 | D:3      | Learned a level 4 spell: Flame Wave
   184 | D:3      | Found an opulent altar of Gozag.
   346 | D:5      | Entered Level 5 of the Dungeon
   346 | D:5      | Found Qaajibb's Jewellery Shop.
   346 | D:5      | Found Zykkap's Jewellery Shop.
   346 | D:5      | Found Teijak's Magic Scroll Shop.
   393 | D:5      | Reached XP level 5. HP: 38/38 MP: 5/11
   513 | D:5      | Noticed a black bear
   520 | D:5      | Killed a black bear
   521 | D:5      | Reached XP level 6. HP: 45/45 MP: 3/12
   524 | D:5      | Reached skill level 1 in Staves
   527 | D:5      | Found a white marble altar of Elyvilon.
   566 | D:5      | Found a staircase to the Ecumenical Temple.
   580 | Temple   | Entered the Ecumenical Temple
   753 | D:5      | Reached skill level 1 in Earth Magic
   753 | D:5      | Reached skill level 1 in Evocations
   783 | D:5      | Reached XP level 7. HP: 50/50 MP: 1/13
   856 | D:5      | Found a hazy altar of Hepliaklqana.
   857 | D:5      | Found a radiant altar of Vehumet.
  1036 | D:5      | Found a sacrificial altar of Ru.
  1147 | D:5      | Became a worshipper of Vehumet
  1166 | D:6      | Reached skill level 5 in Conjurations
  1310 | D:6      | Found a burning altar of Makhleb.
  1314 | D:6      | Reached skill level 5 in Fire Magic
  1368 | D:6      | Reached XP level 8. HP: 57/57 MP: 10/15
  1372 | D:6      | Gained mutation: You are robust. (+10% HP) [potion of
                  | mutation]
  1372 | D:6      | Gained mutation: You have an increased reservoir of magic.
                  | (+10% MP) [potion of mutation]
  1372 | D:6      | Gained mutation: You are agile. (Dex +4, Str/Int -1)
                  | [potion of mutation]
  1372 | D:6      | Gained mutation: Your flesh is heat resistant. (rF+)
                  | [potion of mutation]
  1373 | D:6      | Found a sparkling altar of Nemelex Xobeh.
  1593 | D:8      | Noticed Psyche
  1597 | D:8      | Killed Psyche
  1598 | D:8      | Reached skill level 5 in Spellcasting
  1601 | D:8      | Gained mutation: You passively map the area around you.
                  | [Meteoran growth]
  1601 | D:8      | Reached XP level 9. HP: 57/69 MP: 5/21
  1690 | D:8      | Reached * piety under Vehumet
  1690 | D:8      | Offered knowledge of Kiss of Death by Vehumet.
  1694 | D:8      | Reached skill level 1 in Fighting
  1759 | D:8      | Identified the +12 chain mail of Jafu {rPois Int+3}
  1937 | D:8      | Identified the +1 robe of Ybbeiblo {rElec rN+ Dex-5}
  1987 | D:8      | Noticed Maggie
  1998 | D:8      | Slain by Maggie

Illustrated notes

Levels and vault maps discovered:
D:1:      nicolae_arrival_washed_ashore, layout_basic, kennysheep_nondescript
D:2:      layout_rooms, shapermc_ecumenical_altar_venn
D:3:      layout_basic, mainiacjoe_overflow_catwalk,
          mainiacjoe_overflow_six_doors_small, old_standard_altar,
          lemuel_blue_sif_altar
D:4:      layout_rooms, lemuel_round_altar, hangedman_decor_riveting
D:5:      layout_cave_pools, elyvilon_altar_1, nicolae_ru_the_path_less_chosen,
          gammafunk_temple_overflow_pools, minmay_temple_entry_glassed_door,
          nicolae_shop_distant_corner_stores
D:6:      layout_layer_cave, makhleb_blood_cavern_becter, lemuel_round_altar,
          uniq_blork_the_orc
D:7:      layout_basic, patterned_corridor, uniq_duvessa
D:8:      layout_loops_ring, xom_teletrap_fun, uniq_maggie, uniq_maurice,
          uniq_psyche
Temple:   nicolae_temple_figure_zero

Skill      XL: |  1  2  3  4  5  6  7  8  9 |
---------------+----------------------------+-----
Fire Magic     | 4 5 6 7 |  7.3
Spellcasting   | 3 4 6 7 |  7.5
Conjurations   | 3 4 5 6 7 |  7.1
Staves         | 2 3 |  3.4
Earth Magic    | 2 3 |  3.0
Evocations     | 2 3 |  3.0
Dodging        | 3 |  3.8
Fighting       | 1 |  1.3
Stealth        | |  1.4

Action                     |  1- 3 |  4- 6 |  7- 9 || total
---------------------------+-------+-------+-------++-------
  Melee: Unarmed           |     6 |       |       ||     6
         Flail             |       |     2 |    26 ||    28
         Staff             |       |     1 |     8 ||     9
   Cast: Foxfire           |    24 |    39 |    34 ||    97
         Scorch            |       |     9 |    32 ||    41
         Flame Wave        |       |     1 |     5 ||     6
    Use: Scroll            |     1 |     2 |     4 ||     7
         Potion            |       |       |     2 ||     2
 Armour: Robe              |     4 |     1 |    17 ||    22
  Dodge: Dodged            |     5 |     5 |    49 ||    59
